 Dungeon Crawl Stone Soup version 0.29-a0-1006-g0dd7720b37 (webtiles) character file.

Game seed: 3661827642739213197

91 xian the Shooter (level 4, -19/34 HPs)
             Began as a Formicid Hunter on Aug 6, 2022.
             Killed by an exploding orc wizard (26 damage)
             ... ignited by their inner flame
             ... on level 3 of the Dungeon.
             The game lasted 00:05:19 (2450 turns).

xian the Shooter (Formicid Hunter)                  Turns: 2450, Time: 00:05:22

Health: -19/34     AC:  4    Str: 16    XL:     4   Next: 88%
Magic:  4/4        EV: 12    Int:  8    God:
Gold:   117        SH:  0    Dex: 19    Spells: 3/3 levels left

rFire   . . .      SeeInvis +   a - +1 shortbow
rCold   . . .      Faith    .   (no shield)
rNeg    . . .      Spirit   .   c - +0 leather armour
rPois   .          Reflect  .   (helmet unavailable)
rElec   .          Harm     .   (no cloak)
rCorr   .          Rampage  .   k - +0 pair of gloves
Will    +....                   (no boots)
Stlth   ++........              (no amulet)
HPRegen 0.11/turn               i - ring of willpower
MPRegen 0.09/turn               (no ring)

@: no status effects
A: permanent stasis, dig shafts and tunnels, antennae 3, four strong arms
a: Dig, Shaft Self


You were on level 3 of the Dungeon.
You visited 1 branch of the dungeon, and saw 3 of its levels.

You collected 117 gold pieces.

Inventory:

Hand Weapons
 a - a +1 shortbow (weapon)
 d - a +0 dagger
Armour
 c - a +0 leather armour (worn)
 k - a +0 pair of gloves (worn)
Jewellery
 i - a ring of willpower (left hand)
 j - an amulet of guardian spirit
Potions
 f - a potion of magic {unknown}
 g - 2 potions of might
 h - 2 potions of degeneration {unknown}
 m - a potion of resistance {unknown}


   Skills:
 + Level 2.5 Fighting
 + Level 0.3 Short Blades
 + Level 5.2 Ranged Weapons
 + Level 1.7 Armour
 + Level 1.9 Dodging
 + Level 1.5 Stealth


You had 3 spell levels left.
You didn't know any spells.
Your spell library was empty.

Dungeon Overview and Level Annotations

Branches:
Dungeon (3/15)

Altars:


Innate Abilities, Weirdness & Mutations

You cannot be hasted, slowed, berserked, paralysed or teleported.
You can dig through walls and to a lower floor.
You have a pair of large antennae on your head. (SInv)
Your four strong arms can wield two-handed weapons with a shield.


Message History

The orc wizard hits you but does no damage.
The orc wizard attacks as you move away!
The orc wizard hits you with a +0 dagger.
The orc wizard casts a spell at you. The puff of flame hits you!
The orc suddenly jeers.
The orc wizard hits you but does no damage.
The orc wizard attacks as you move away!
The orc wizard hits you with a +0 dagger.
The orc wizard attacks as you move away!
The orc wizard hits you with a +0 dagger.
The orc wizard casts a spell at you. The magic dart hits you!
* * * LOW HITPOINT WARNING * * *
Okay, then.
Really read the scroll of immolation?
As you read the scroll of immolation, it crumbles to dust.
The creatures around you are filled with an inner flame!
As you read the scroll labelled PYF PIEVOQA, it crumbles to dust.
It is a scroll of enchant weapon.
Your +0 shortbow glows red for a moment.
The orc wizard hits you but does no damage.
As you read the scroll labelled RESAUJALON, it crumbles to dust.
It is a scroll of identify.
g - 2 potions of might The orc wizard closely misses you.
The orc wizard attacks as you move away!
The orc wizard hits you with a +0 dagger.
* * * LOW HITPOINT WARNING * * *
Fire: a) +1 shortbow
Press: ? - help, Q - select action, (/) - cycle Shift-Dir - straight line, f - orc wizard, p - orc wizard
Aim: an orc wizard, wielding a +0 dagger and wearing a +0 robe (inner flame, slightly transparent, 59% to hit)
You shoot an arrow. The arrow hits the orc wizard.
Flame seeps out of the orc wizard.
The orc wizard is almost dead.
The orc wizard is engulfed in blazing flames.
The orc wizard explodes!
The fiery explosion engulfs you!!
Ouch! That really hurt!
You die...

## #.##########
#...§○§o.o.###
##..@#####{B.# .
###.#######.######..
#.....###o{....... ....
#####.....o#...... .......
##........####. .......
##..#####.## .......
#.....##..o.[.# .......
####.#...##..#.#...
......###....#†..........o.


You could see an orc wizard (inner flame, invisible) and an orc.

Vanquished Creatures
  An orc wizard (D:3)
  Robin (D:2)
  An adder (D:2)
  2 dart slugs
  An orc (D:3)
  4 ball pythons
  An endoplasm (D:3)
  2 giant cockroaches (D:1)
  10 goblins
  13 hobgoblins
  3 jackals (D:1)
  3 kobolds
  2 quokkas (D:2)
  5 bats
  4 frilled lizards (D:1)
  7 rats
60 creatures vanquished.

Notes
Turn   | Place    | Note
-------+----------+-------------------------------------------
     0 | D:1      | xian the Formicid Hunter began the quest for the Orb.
     0 | D:1      | Reached XP level 1. HP: 16/16 MP: 1/1
    27 | D:1      | You fall into a shaft and drop 1 floor!
    42 | D:2      | Reached XP level 2. HP: 22/22 MP: 2/2
   229 | D:1      | HP: 1/23 [jackal (2)]
   231 | D:1      | Reached XP level 3. HP: 1/28 MP: 3/3
  1262 | D:2      | Reached skill level 1 in Armour
  1269 | D:2      | Reached XP level 4. HP: 34/34 MP: 4/4
  1288 | D:2      | Noticed Robin
  1297 | D:2      | Killed Robin
  1298 | D:2      | Reached skill level 5 in Ranged Weapons
  1329 | D:1      | HP: 1/34 [goblin/+0 club[Robin] (4)]
  1813 | D:2      | Found a faded altar of an unknown god.
  2450 | D:3      | Killed by an exploding orc wizard... ignited by their inner
                  | flame

Illustrated notes

Levels and vault maps discovered:
D:1:      noname_arrival_rooms_in_the_neighbourhood, layout_basic,
          kennysheep_another_room
D:2:      layout_loops_cross, hellmonk_ecumenical_altar_lost_god, uniq_robin
D:3:      layout_rooms, lemuel_doored_altar, grunt_temple_overflow_holy_war

Skill      XL: |  1  2  3  4 |
---------------+-------------+-----
Armour         | 1 |  1.7
Ranged Weapons | 5 |  5.2
Fighting       | |  2.5
Short Blades   | |  0.3
Dodging        | |  1.9
Stealth        | |  1.5

Action                   |  1- 3 |  4- 6 || total
-------------------------+-------+-------++-------
Melee: Dagger            |    17 |    12 ||    29
 Fire: Shortbow          |    77 |    48 ||   125
 Abil: Dig               |     3 |     5 ||     8
  Use: Scroll            |       |     4 ||     4
Armor: Leather armour    |    16 |    19 ||    35
Dodge: Dodged            |    47 |    22 ||    69

Table legend: (Time is in decaauts)
 A = Elapsed time spent in this place.
 B = Non-inter-level travel time spent in this place.
 C = Inter-level travel time spent in this place.
 D = Time resting spent in this place.
 E = Time spent auto-exploring this place.
 F = Levels seen in this place.
 G = Mean time per level.
                   A        B        C        D        E       F      G
               +--------+--------+--------+--------+--------+-----+--------+
         Total |   2483 |   2450 |     33 |    684 |   1339 |   3 |  827.7 |
       Dungeon |   2483 |   2450 |     33 |    684 |   1339 |   3 |  827.7 |
               +--------+--------+--------+--------+--------+-----+--------+

Top non-repeatable levels by time:
     D:1: 1655 daAuts
     D:2: 747 daAuts
     D:3: 80 daAuts
